Map: Persephone LE

Players

ManlyManMeat

  • Race: Protoss Protoss
  • Spawn Location: 7:00

GuitarZ - Winner!

  • Race: Terran Terran
  • League: Silver
  • Spawn Location: 11:00

VOD

Have the link to the VOD?

Description

Time

  • Played on: May 14, 2025, 8:41 a.m.
  • Length: 11:51
Show
View Real Time Build Order
Export as new Build Order

ManlyManMeat Protoss 

Build Orders: 1 Gate Expand, Double Forge 

Get SALT Encoding   

  12  0:00  Probe  
  13  0:11  Probe  
  14  0:17  Pylon  
  14  0:19  Probe  
  15  0:33  Probe  
  15  0:38  Gateway  
  16  0:43  Assimilator  
  16  0:47  Probe  
  17  0:59  Probe  
  19  1:22  Nexus  
  19  1:24  Probe  
  19  1:33  Zealot  
  21  1:40  Pylon  
  21  1:53  Probe  
  22  1:55  Zealot  
  22  2:00  Cybernetics Core  
  24  2:20  Gateway  
  24  2:25  Zealot  
  24  2:26  Pylon  
  24  2:28  Probe  
  27  2:31  Probe  
  28  2:39  Probe  
  28  2:40  Probe  
  30  2:48  Twilight Council  
  30  2:49  Probe  
  30  2:52  Probe  
  30  2:57  Probe  
  32  3:01  Zealot  
  35  3:06  Stalker  
  37  3:14  Probe  
  37  3:15  Probe  
  39  3:23  Probe  
  39  3:25  Stalker  
  39  3:26  Probe  
  40  3:30  Charge  
  40  3:32  Warp Gate  
  43  3:42  Assimilator  
  43  3:47  Assimilator  
  43  3:48  Stalker  
  45  4:04  Forge  
  45  4:05  Forge  
  45  4:09  Pylon  
  45  4:10  Zealot  
  47  4:19  Sentry  
  47  4:24  Pylon  
  49  4:26  Forge  
  49  4:28  Forge  
  47  4:53  Zealot x2  
  47  4:59  Probe x2, Assimilator  
  53  5:05  Dark Shrine  
  53  5:09  Protoss Ground Weapons Level 1, Probe x2  
  55  5:17  Probe x2  
  55  5:20  Zealot x2  
  59  5:26  Probe  
  58  6:05  Protoss Ground Armor Level 1  
  58  6:07  Gateway  
  58  6:08  Gateway  
  58  6:09  Stalker x2  
  62  6:11  Shadow Stride  
  62  6:26  Protoss Shields Level 1  
  62  6:33  Dark Templar  
  62  6:34  Dark Templar  
  66  6:46  Pylon  
  66  6:47  Shield Battery  
  66  6:49  Photon Cannon  
  66  6:54  Robotics Facility  
  66  7:04  Dark Templar x2  
  68  7:18  Dark Templar  
  70  7:34  Dark Templar  
  72  7:40  Protoss Ground Weapons Level 2  
  62  8:34  Probe x2  
  62  8:35  Templar Archives  
  62  8:36  Templar Archives  
  64  8:42  Stalker, Probe x2  
  64  8:43  Stalker x2  
  72  8:50  Pylon  
  72  8:52  Pylon  
  72  8:56  Zealot  
  74  9:07  Gateway x2  
  74  9:14  Psionic Storm  
  74  9:21  High Templar  
  76  9:29  Zealot x3  
  82  9:55  Zealot x4  
  90  10:08  Pylon  
  90  10:10  Pylon  
  90  10:14  Pylon x2  
  90  10:17  Pylon  
  90  10:19  Stalker, Pylon  
  90  10:20  Stalker  
  90  10:21  Pylon  
  94  10:24  Pylon  
  94  10:26  Pylon  
  94  10:35  Nexus, Probe x2  
  96  10:42  Pylon  
  96  10:46  Pylon  
  75  11:16  Probe x2  
  72  11:28  Probe x2  
Show
View Real Time Build Order
Export as new Build Order

GuitarZ Terran - Winner!

Build Orders: Command Center First, Mech 

Get SALT Encoding   

  12  0:00  SCV  
  13  0:12  SCV  
  14  0:18  Supply Depot  
  14  0:25  SCV  
  15  0:40  SCV  
  16  0:52  SCV  
  17  1:01  Command Center  
  17  1:04  SCV  
  18  1:15  Barracks  
  18  1:19  SCV  
  18  1:24  Refinery  
  19  1:31  SCV  
  20  1:37  Supply Depot  
  20  1:43  SCV  
  21  1:56  SCV  
  22  2:03  Marine  
  22  2:07  Bunker  
  22  2:08  Orbital Command  
  23  2:13  Orbital Command  
  23  2:18  Refinery  
  23  2:21  Marine  
  24  2:31  Factory  
  24  2:35  SCV  
  25  2:38  SCV  
  26  2:47  SCV  
  26  2:48  Barracks Tech Lab  
  26  2:50  SCV  
  28  3:00  SCV  
  28  3:02  SCV  
  30  3:07  Command Center  
  30  3:12  SCV  
  31  3:20  Starport  
  31  3:25  Cyclone  
  31  3:26  SCV x2  
  36  3:29  Refinery  
  36  3:32  Engineering Bay  
  36  3:38  SCV x2, Supply Depot  
  38  3:50  SCV x2  
  38  3:52  Factory  
  40  4:02  SCV  
  41  4:03  SCV  
  41  4:05  Refinery  
  41  4:09  Liberator  
  45  4:12  Widow Mine  
  45  4:14  SCV, Missile Turret  
  45  4:15  SCV  
  49  4:18  Armory  
  49  4:26  SCV  
  49  4:27  SCV  
  49  4:29  Missile Turret  
  51  4:33  Supply Depot  
  51  4:39  SCV x2  
  53  4:46  Factory Tech Lab  
  53  4:51  SCV x2  
  53  4:52  Cyclone  
  58  5:00  Starport Tech Lab  
  58  5:04  Fusion Core  
  58  5:06  SCV x2, Supply Depot  
  61  5:09  Planetary Fortress  
  60  5:21  SCV x2  
  62  5:25  Refinery  
  62  5:28  Missile Turret  
  62  5:30  Refinery  
  62  5:33  SCV x2  
  64  5:45  SCV x2  
  64  5:48  Raven  
  66  5:50  Hellbat x2, Infernal Pre-Igniter  
  66  5:52  Drilling Claws  
  66  5:54  SCV  
  71  5:57  SCV  
  71  5:59  Factory  
  71  6:00  Factory  
  71  6:01  SCV, Supply Depot  
  71  6:03  Starport  
  73  6:06  SCV  
  73  6:09  SCV  
  75  6:13  SCV  
  75  6:18  SCV  
  77  6:21  SCV  
  77  6:25  Factory, SCV  
  79  6:27  Starport  
  79  6:37  Hellbat x2  
  79  6:39  Terran Vehicle And Ship Armor Level 1, Command Center  
  83  6:42  SCV x2  
  83  6:43  SCV  
  86  6:47  Factory Tech Lab, Starport Tech Lab  
  86  6:48  Factory Tech Lab  
  86  6:51  Neosteel Armor  
  86  6:54  SCV x2  
  88  7:28  Missile Turret  
  88  7:29  Missile Turret  
  88  7:31  Missile Turret  
  88  7:34  SCV  
  88  7:35  SCV  
  88  7:36  Factory Tech Lab  
  90  7:37  Missile Turret  
  90  7:38  Cyclone  
  93  7:47  Supply Depot  
  93  7:48  Supply Depot  
  93  7:49  Starport Tech Lab  
  93  7:50  Thor, Battlecruiser  
  105  7:55  Thor  
  105  7:56  Supply Depot x2  
  111  7:59  Armory  
  111  8:01  Weapon Refit  
  111  8:02  Mag-Field Accelerator  
  111  8:03  SCV x2  
  113  8:08  Battlecruiser  
  117  8:22  Missile Turret  
  117  8:27  Missile Turret  
  117  8:29  Battlecruiser  
  117  8:32  Thor  
  129  8:39  Refinery  
  129  8:40  Refinery  
  129  8:42  Missile Turret  
  129  8:44  Missile Turret  
  129  8:45  Missile Turret  
  129  8:46  Planetary Fortress  
  129  8:48  SCV x3  
  132  9:00  SCV x2  
  132  9:02  Missile Turret  
  134  9:04  Command Center  
  134  9:06  Thor  
  134  9:07  Thor, Refinery  
  134  9:08  Refinery  
  134  9:09  SCV  
  147  9:12  SCV  
  148  9:24  Supply Depot  
  148  9:25  Supply Depot  
  148  9:26  Missile Turret  
  148  9:27  Terran Vehicle Weapons Level 1, Terran Vehicle And Ship Armor Level 2  
  148  9:34  Supply Depot  
  148  9:38  Supply Depot  
  148  9:39  Supply Depot  
  148  9:42  Factory  
  148  9:43  Starport  
  148  9:45  Liberator  
  148  9:46  Missile Turret  
  148  9:48  Missile Turret  
  151  9:53  Missile Turret  
  151  9:57  Siege Tank  
  151  9:58  Cyclone, Siege Tank  
  160  10:01  Hellbat x2  
  164  10:21  Command Center  
  164  10:26  SCV x2  
  164  10:28  Planetary Fortress  
  166  10:32  Missile Turret  
  166  10:35  Command Center  
  166  10:43  SCV x2  
  166  10:44  SCV x2, Command Center  
  170  10:52  Missile Turret  
  170  11:24  Starport Tech Lab  
Tags
 
Add a new tag
Caveats
  • Supply blocks, unpowered buildings, or Contaminate may cause inaccurate times.
  • Supply counts are checked every 10 seconds.